 Dungeon Crawl Stone Soup version 0.27-a0-887-gcab673c142 (webtiles) character file.

Game seed: 11840100446518525128

645 ArcanElement the Acolyte (level 7, -5/52 HPs)
             Began as a Human Fighter on Apr 4, 2021.
             Was an Initiate of the Shining One.
             Slain by a basilisk (8 damage)
             ... created by the adversity of Qazlal
             ... while petrified by a basilisk
             ... on level 4 of the Dungeon.
             The game lasted 00:11:46 (6171 turns).

ArcanElement the Acolyte (Human Fighter)            Turns: 6171, Time: 00:11:47

Health: -5/52      AC:  6    Str: 17    XL:     7   Next: 82%
Magic:  10/10      EV:  2    Int:  9    God:    the Shining One [......]
Gold:   171        SH:  0    Dex: 13    Spells: 6/6 levels left

rFire    . . .     SeeInvis .   d - +5 sword of Power {vorpal}
rCold    . . .     Faith    .   (shield currently unavailable)
rNeg     + + +     Spirit   .   g - +0 ring mail
rPois    ∞         Reflect  .   (no helmet)
rElec    .         Harm     .   (no cloak)
rCorr    .         Rampage  .   (no gloves)
Will     .....                  (no boots)
Stlth    +.........             (no amulet)
HPRegen  0.17/turn              (no ring)
MPRegen  0.12/turn              (no ring)

@: petrified, glowing
A: no striking features
a: Renounce Religion


You were on level 4 of the Dungeon.
You worshipped the Shining One.
The Shining One was noncommittal.
You visited 2 branches of the dungeon, and saw 5 of its levels.

You collected 171 gold pieces.

Inventory:

Hand Weapons
 a - a +1 long sword
 d - the +5 sword of Power (weapon) {vorpal}
   (You took it off a gnoll on level 4 of the Dungeon)

   It inflicts extra damage upon your enemies.
Armour
 b - a +0 scale mail
 c - a +0 kite shield
 g - a +0 ring mail (worn)
Wands
 e - a wand of iceblast (3)
 l - a wand of polymorph (5)
Scrolls
 f - a scroll of identify
 h - a scroll of noise
 j - 3 scrolls of enchant weapon
Potions
 i - a potion of attraction


   Skills:
 - Level 3.5 Fighting
 + Level 4.4 Long Blades
 + Level 4.5 Armour
 - Level 1.5 Dodging
 - Level 3.8 Shields
 + Level 4.7 Invocations


You had 6 spell levels left.
You didn't know any spells.
Your spell library was empty.

Dungeon Overview and Level Annotations

Branches:
Dungeon (4/15)             Temple (1/1) D:4

Altars:
Cheibriados
Dithmenos
Elyvilon
Fedhas
Kikubaaqudgha
Makhleb
Qazlal
Ru
Vehumet
Wu Jian
Xom
Zin
The Shining One

Shops:
D:2 (


Message History

You turn to flesh and can move again.
Unknown command.
Okay, then.
Unknown command.
Okay, then.
Okay, then.
You slash the rime drake!
You kill the rime drake!
That felt strangely unrewarding.
The basilisk bites you but does no damage.
Unknown command.
There is an open door, spattered with blood here.
There is an open door here.
The basilisk hisses menacingly.
The basilisk gazes at you. You resist with significant effort.
There is an open door here.
You close the door.
You close the door.
You start resting.
Qazlal causes a mighty clap of thunder!
Qazlal incites the elements against you!
A basilisk and a wind drake come into view.
You open the door. The basilisk gazes at you.
You are slowing down.
There is an open door here.
Okay, then.
Okay, then.
The basilisk gazes at you.
Your limbs have turned to stone.
You have turned to stone.
The basilisk gazes at you. x3
The wind drake flaps its wings at you. The air twists around and strikes you!
* * * LOW HITPOINT WARNING * * *
The basilisk bites you!
* * * LOW HITPOINT WARNING * * *
The basilisk bites you but does no damage.
The basilisk bites you!
You die...

............#..####÷####.#.##.#.#
######.#..........#.##........#.#
#.#..........#÷##.######.#.#
#.'.........................
#.#...............######.#.#
#.#............#### #.#.#
#l#............# #.#..
#.####'#+##l#..# #.###
#.####...kl@#..# ###.#..
#...(....####### #......
########## #.###.# #.# #.#
###.###.# #....###. #...≈≈##.
##..≈≈##. ##..≈≈≈#.


You could see a wind drake (repels missiles) and 2 basilisks.

Vanquished Creatures
  A rime drake (D:4)
  Sigmund (D:4)
  A necrophage (D:4)
  A scorpion (D:4)
  A howler monkey (D:4)
  A gnoll shaman (D:4)
  2 orc priests (D:3)
  Natasha (D:4)
  A hound skeleton (D:4)
  8 gnolls (D:4)
  4 adders
  An adder skeleton (D:4)
  3 worms
  2 dart slugs
  An orc (D:3)
  6 ball pythons
  5 endoplasms
  5 giant cockroaches
  7 goblins
  12 hobgoblins
  2 jackals (D:2)
  5 quokkas
  6 bats
  3 frilled lizards
  5 kobolds
  3 rats
88 creatures vanquished.

Vanquished Creatures (collateral kills)
  Natasha (D:4)
  A dart slug (D:4)
2 creatures vanquished.

Vanquished Creatures (others)
  A goblin (D:4)
1 creature vanquished.

Grand Total: 91 creatures vanquished

Notes
Turn   | Place    | Note
-------+----------+-------------------------------------------
     0 | D:1      | ArcanElement the Human Fighter began the quest for the Orb.
     0 | D:1      | Reached XP level 1. HP: 18/18 MP: 1/1
   274 | D:1      | Reached XP level 2. HP: 24/24 MP: 2/2
  1255 | D:1      | Reached XP level 3. HP: 28/29 MP: 3/3
  1490 | D:2      | Found Keurr's Weapon Shoppe.
  1703 | D:2      | Reached XP level 4. HP: 28/35 MP: 4/4
  2458 | D:3      | Reached skill level 1 in Dodging
  3061 | D:3      | Found a faded altar of an unknown god.
  3241 | D:3      | Reached XP level 5. HP: 19/41 MP: 5/5
  3356 | D:3      | Became a worshipper of Qazlal Stormbringer
  3356 | D:3      | Reached * piety under Qazlal
  3888 | D:4      | Noticed Sigmund
  3894 | D:4      | Killed Sigmund
  3895 | D:4      | Reached XP level 6. HP: 43/47 MP: 5/8
  3909 | D:4      | Reached XP level 7. HP: 15/52 MP: 7/9
  4453 | D:4      | HP: 2/52 [gnoll/+0 halberd (10)]
  5375 | D:4      | Found a staircase to the Ecumenical Temple.
  5381 | Temple   | Entered the Ecumenical Temple
  5689 | Temple   | Fell from the grace of Qazlal
  5689 | Temple   | Became a worshipper of the Shining One
  5789 | D:4      | Noticed Natasha
  5803 | D:4      | Killed Natasha
  5815 | D:4      | Noticed Natasha
  5819 | D:4      | Killed Natasha
  5821 | D:4      | Identified the +1 robe "Noun" {Stlth+}
  6076 | D:4      | Noticed a basilisk
  6076 | D:4      | Noticed a rime drake
  6101 | D:4      | Killed a rime drake
  6164 | D:4      | Noticed a wind drake
  6164 | D:4      | Noticed a basilisk
  6171 | D:4      | Slain by a basilisk

Illustrated notes

Levels and vault maps discovered:
D:1:      dpeg_arrival_round_a, layout_loops_corners
D:2:      layout_rooms, serial_shops, nicolae_shop_behind_doors,
          serial_bayou_pond_d
D:3:      layout_basic, basic_ecumenical_altar
D:4:      layout_basic, minmay_temple_entry_fiery, uniq_natasha, uniq_sigmund
Temple:   oiseaux_autumnal_temple

Skill      XL: |  1  2  3  4  5  6  7 |
---------------+----------------------+-----
Long Blades    | 3 4 |  4.4
Dodging        | 1 |  1.5
Invocations    | 3 4 |  4.7
Armour         | 4 |  4.5
Fighting       | |  3.5
Shields        | |  3.8

Action                   |  1- 3 |  4- 6 |  7- 9 || total
-------------------------+-------+-------+-------++-------
Melee: Long sword        |    82 |   113 |     1 ||   196
       Great sword       |       |       |    57 ||    57
Evoke: Wand              |       |       |     2 ||     2
  Use: Potion            |     1 |     5 |       ||     6
       Scroll            |     1 |     2 |     2 ||     5
 Stab: Invisible         |       |     2 |       ||     2
Armor: Scale mail        |    38 |    15 |       ||    53
       Ring mail         |       |    18 |    21 ||    39
Dodge: Dodged            |    21 |    38 |    47 ||   106
Block: Kite shield       |    37 |    56 |       ||    93
       Other             |       |       |     4 ||     4
       Rpst.: Long sword |    11 |    11 |       ||    22
       Great sword       |       |       |     7 ||     7

Table legend: (Time is in decaauts)
 A = Elapsed time spent in this place.
 B = Non-inter-level travel time spent in this place.
 C = Inter-level travel time spent in this place.
 D = Time resting spent in this place.
 E = Time spent auto-exploring this place.
 F = Levels seen in this place.
 G = Mean time per level.
                   A        B        C        D        E       F      G
               +--------+--------+--------+--------+--------+-----+--------+
         Total |   6310 |   5945 |    365 |   1430 |   3720 |   5 | 1262.0 |
       Dungeon |   5962 |   5646 |    316 |   1430 |   3424 |   4 | 1490.5 |
        Temple |    348 |    299 |     49 |      0 |    296 |   1 |  348.0 |
               +--------+--------+--------+--------+--------+-----+--------+

Top non-repeatable levels by time:
     D:3: 1975 daAuts
     D:4: 1490 daAuts
     D:1: 1432 daAuts
     D:2: 1063 daAuts
  Temple: 348 daAuts
